 Dungeon Crawl Stone Soup version 0.21-a0-621-gc60411f (webtiles) character file.

1373 kingskip090315 the Covert (level 8, -10/58 HPs)
             Began as a Vampire Assassin on Dec 24, 2017.
             Was an Initiate of Trog.
             Mangled by an ogre
             ... wielding a +0 giant club
              (18 damage)
             ... on level 9 of the Dungeon.
             The game lasted 00:54:42 (5308 turns).

kingskip090315 the Covert (Vampire Assassin)        Turns: 5308, Time: 00:54:43

Health: -10/58     AC:  9    Str: 12    XL:     8   Next: 39%
Magic:  0/8        EV:  9    Int: 14    God:    Trog [......]
Gold:   285        SH:  8    Dex: 15    Spells: 2/7 levels left

rFire    . . .     SeeInvis +   o - -3 short sword (curse)
rCold    . . .     Gourm    .   r - +0 shield
rNeg     + . .     Faith    .   v - +0 ring mail
rPois    .         Spirit   +   (no helmet)
rElec    .         Reflect  .   d - +0 cloak
rCorr    .         Harm     .   (no gloves)
MR       +....                  s - +1 pair of boots
Stlth    +++.......             A - amulet of guardian spirit
HPRegen  0.19/turn              k - ring of wizardry
MPRegen  0.11/turn              x - ring of protection from magic

@: no status effects
A: fangs 3, see invisible, unbreathing
a: Bat Form, Burn Spellbooks, Renounce Religion


You were on level 9 of the Dungeon.
You worshipped Trog.
Trog was noncommittal.
You were not thirsty.

You visited 1 branch of the dungeon, and saw 9 of its levels.

You collected 285 gold pieces.

Inventory:

Hand Weapons
 a - a +2 dagger
 b - a +0 blowgun
 c - the +9 short sword of the Real Monster {vamp, +Fly}
   (You found it on level 4 of the Dungeon)

   It inflicts no extra harm, but heals its wielder when it wounds a living foe.
   It lets you fly.
 o - a cursed -3 short sword (weapon)
 q - a +0 hand axe of venom
Missiles
 e - 28 poisoned needles
 f - 2 curare-tipped needles
Armour
 d - a +0 cloak (worn)
 l - a +0 buckler
 r - a +0 shield (worn)
 s - a +1 pair of boots (worn)
 v - a +0 ring mail (worn)
 y - a +0 plate armour
Magical Staves
 i - an uncursed staff of poison
Jewellery
 k - a ring of wizardry (left hand)
 x - a ring of protection from magic (right hand)
 A - an amulet of guardian spirit (around neck)
Wands
 t - a wand of iceblast (9)
Scrolls
 h - 5 scrolls of identify
 p - a scroll of teleportation
Potions
 j - 2 potions of cancellation


   Skills:
 + Level 3.3 Fighting
 + Level 6.4 Short Blades
 + Level 1.2 Axes
 + Level 1.6 Throwing
 + Level 3.8 Armour
 + Level 3.2 Dodging
 + Level 8.9 Stealth
 + Level 2.4 Shields
 - Level 0.2 Hexes
 + Level 0.4 Evocations


You had 2 spell levels left.
You knew the following spells:

 Your Spells              Type           Power        Failure   Level  Hunger
a - Petrify               Tmut/Erth      #.......     100%        4    #####..
b - Confusing Touch       Hex            #.....       71%         1    ##.....


Dungeon Overview and Level Annotations

Branches:
Dungeon (9/15)
 Temple: D:4-7         Lair: D:8-11         Orc: D:9-12

Altars:
Ashenzari
Dithmenos
Gozag
Kikubaaqudgha
Nemelex Xobeh
Trog
Xom
Yredelemnul

Shops:
D:5 }

Annotations:
D:8 Joseph
D:9 Erolcha, Gastronok, Psyche


Innate Abilities, Weirdness & Mutations

You have razor-sharp teeth.
You have supernaturally acute eyesight. (SInv)
You can survive without breathing.


Message History

The orc wizard blinks!
A hound comes into view.
The ogre shouts!
The hound moves out of view.
The orc wizard casts a spell at you. The magic dart hits you!
* * * LOW HITPOINT WARNING * * *
The orc wizard hits you but does no damage.
The orc wizard casts a spell.
The orc wizard blinks!
You block the ogre's attack. The orc wizard casts a spell at you.
The magic dart hits you!
* * * LOW HITPOINT WARNING * * *
The orc wizard gestures wildly while chanting.
The orc wizard blinks!
The ogre closely misses you. You block the ogre's attack.
The orc wizard hits you but does no damage.
The ogre hits you with a giant club!!
You die...

################
###..............###
########...?.#####.........
#######........o@O..## #.####.#.#
........#.##...###...# #.# #....
######.a...#..##.##....... .....#
..Z......#!##.#._.#.###..####.###
######.#....#.......# .... #.#
#.###.###.....####... #.#
#....<.###...## Y..
##o......##### #...._?.....#


You could see an ogre and an orc wizard.

Vanquished Creatures
  2 sky beasts
  2 ogres
  2 phantoms
  2 bullfrogs (D:6)
  A scorpion (D:6)
  A vampire bat (D:6)
  A howler monkey (D:7)
  2 crimson imps
  A hound (D:5)
  3 orc priests (D:4)
  A bullfrog skeleton (D:9)
  5 orc wizards
  3 worker ants
  A hound zombie (D:6)
  5 adders
  An ooze (D:2)
  An adder zombie (D:6)
  An adder skeleton (D:6)
  4 worms
  4 dart slugs
  4 leopard geckos
  12 orcs
  2 ball pythons
  3 bat skeletons (D:6)
  2 bat zombies (D:6)
  3 giant cockroaches
  5 goblins
  4 hobgoblins
  2 jackals (D:7)
  7 bats
  4 frilled lizards
  2 jackal skeletons
  6 kobolds
  A quokka skeleton (D:5)
  3 rats
103 creatures vanquished.

Notes
Turn   | Place    | Note
-------+----------+-------------------------------------------
     0 | D:1      | kingskip090315 the Vampire Assassin began the quest for the Orb.
     0 | D:1      | Reached XP level 1. HP: 16/16 MP: 1/1
   105 | D:1      | Reached skill level 6 in Stealth
   381 | D:1      | Reached XP level 2. HP: 17/22 MP: 2/2
  1011 | D:2      | Reached skill level 7 in Stealth
  1043 | D:2      | Reached XP level 3. HP: 11/27 MP: 3/3
  1457 | D:2      | Reached XP level 4. HP: 32/33 MP: 4/4
  2236 | D:4      | Reached skill level 8 in Stealth
  2236 | D:4      | Reached XP level 5. HP: 38/38 MP: 5/5
  2385 | D:4      | Reached skill level 1 in Armour
  2439 | D:4      | Got a transparent short sword
  2440 | D:4      | Identified the +9 short sword of the Real Monster {vamp, +Fly} (You found it on level 4 of the Dungeon)
  2716 | D:4      | Reached XP level 6. HP: 42/44 MP: 6/6
  2739 | D:4      | Reached skill level 1 in Axes
  2739 | D:4      | Reached skill level 1 in Shields
  2943 | D:5      | Entered Level 5 of the Dungeon
  2952 | D:5      | Found a shimmering altar of Xom.
  2995 | D:5      | Learned a level 4 spell: Petrify
  2997 | D:5      | Learned a level 1 spell: Confusing Touch
  3016 | D:5      | Reached XP level 7. HP: 51/51 MP: 7/7
  3103 | D:5      | Found Wosus's Gadget Shoppe.
  3220 | D:5      | Found a shattered altar of Ashenzari.
  3367 | D:5      | Reached skill level 5 in Short Blades
  3403 | D:5      | Found a sparkling altar of Nemelex Xobeh.
  3405 | D:5      | Found a bloodstained altar of Trog.
  3601 | D:5      | Became a worshipper of Trog the Wrathful
  3942 | D:6      | Reached XP level 8. HP: 50/58 MP: 8/8
  4284 | D:6      | Found an opulent altar of Gozag.
  4349 | D:6      | Found an ancient bone altar of Kikubaaqudgha.
  4567 | D:8      | Noticed Joseph
  4591 | D:9      | Found a basalt altar of Yredelemnul.
  4615 | D:9      | Found a shadowy altar of Dithmenos.
  5067 | D:9      | Noticed Gastronok
  5138 | D:9      | Noticed Erolcha
  5160 | D:9      | Noticed Psyche
  5220 | D:9      | Noticed a two-headed ogre
  5308 | D:9      | Mangled by an ogre

Vault maps used:
D:1:      elethiomel_arrival_maze, st_stairs_6
D:3:      first_ration
D:5:      nicolae_overflow_hidden_temple, lemuel_doored_altar, minitemple,
          serial_shops, nicolae_shop_stone, lemuel_altar_in_water2
D:6:      kennysheep_vampire_church, grunt_gozag_statues, bloody_trog
D:7:      kennysheep_mini, minmay_temple_entry_mist
D:8:      kennysheep_mini_moat, serial_shops, shop, the_bakery,
          okawaru_metal_pillars_1_2, uniq_joseph
D:9:      marbit_many_paths, overflow_temple_1_default, grunt_ministairs_14,
          nicolae_dithmenos_through_a_glass_darkly, uniq_psyche, uniq_gastronok,
          uniq_grum, uniq_erolcha

Skill      XL: |  1  2  3  4  5  6  7  8 |
---------------+-------------------------+-----
Stealth        | 6 7 8 |  8.9
Short Blades   | 3 4 5 6 |  6.4
Fighting       | 2 3 |  3.3
Armour         | 1 2 3 |  3.8
Dodging        | 2 3 |  3.2
Axes           | 1 |  1.2
Shields        | 1 2 |  2.4
Throwing       | |  1.6
Hexes          | |  0.2
Evocations     | |  0.4

Action                   |  1- 3 |  4- 6 |  7- 9 || total
-------------------------+-------+-------+-------++-------
Melee: Dagger            |   115 |     3 |       ||   118
       Bite              |    10 |    11 |    30 ||    51
       Hand axe          |       |    36 |       ||    36
       Short sword       |       |    63 |   307 ||   370
 Cast: Confusing Touch   |       |     1 |       ||     1
Invok: Burn Spellbooks   |       |       |     1 ||     1
 Abil: Evoke Flight      |       |     1 |     1 ||     2
  Use: Scroll            |     4 |     2 |     7 ||    13
       Potion            |     3 |       |     7 ||    10
 Stab: Sleeping          |     5 |     3 |     4 ||    12
  Eat: Corpse            |    11 |     7 |     3 ||    21
Armor: Robe              |     9 |       |       ||     9
       Scale mail        |    31 |    12 |       ||    43
       Ring mail         |       |    22 |   296 ||   318
       Plate armour      |       |       |     6 ||     6
       Skin              |       |       |     3 ||     3
Dodge: Dodged            |    47 |    26 |   240 ||   313
Block: Shield            |       |    22 |   224 ||   246

Table legend:
 A = Spawn XP
 B = Non-spawn XP
 C = Spawn XP percentage of total XP
 D = Spawn monster count
 E = Non-spawn monster count
 F = Spawn count percentage of total count
 G = Total turns spent on level
                    A         B        C        D         E        F      G
               +---------+---------+-------+---------+---------+-------+---------
         Total |       0 |    1962 |   0.0 |       0 |     103 |   0.0 |  5308
               +---------+---------+-------+---------+---------+-------+---------
           D:1 |       0 |      29 |   0.0 |       0 |      14 |   0.0 |   997
           D:2 |       0 |      79 |   0.0 |       0 |      22 |   0.0 |   464
           D:3 |       0 |      13 |   0.0 |       0 |       6 |   0.0 |   673
           D:4 |       0 |     572 |   0.0 |       0 |      20 |   0.0 |   809
           D:5 |       0 |     403 |   0.0 |       0 |      11 |   0.0 |   851
           D:6 |       0 |     613 |   0.0 |       0 |      20 |   0.0 |   717
           D:7 |       0 |      71 |   0.0 |       0 |       4 |   0.0 |    51
           D:9 |       0 |     182 |   0.0 |       0 |       6 |   0.0 |   717
               +---------+---------+-------+---------+---------+-------+---------
